 Dungeon Sprint DCSS version 0.21.1-1-g345015f (webtiles) character file.

439 erloom the Cleaver (level 6, -6/106 HPs)
             Began as a Minotaur Berserker on Apr 20, 2018.
             Was a Believer of Trog.
             Mangled by Sonja
             ... wielding a +0 short sword of distortion
              (9 damage)
             ... in the Dungeon (Sprint I: "Red Sonja").
             The game lasted 00:01:48 (492 turns).

erloom the Cleaver (Minotaur Berserker)              Turns: 492, Time: 00:01:49

Health: -6/106     AC:  5    Str: 29    XL:     6   Next: 70%
Magic:  5/5        EV: 11    Int:  4    God:    Trog [**....]
Gold:   297        SH:  0    Dex:  9    Spells: 5/5 levels left

rFire    . . .     SeeInvis .   a - +0 hand axe
rCold    . . .     Gourm    .   (no shield)
rNeg     . . .     Faith    .   l - +0 ring mail
rPois    .         Spirit   .   (helmet restricted)
rElec    .         Reflect  .   (no cloak)
rCorr    .         Harm     .   (no gloves)
MR       .....     NoTele   +   (no boots)
Stlth    ..........             (no amulet)
HPRegen  0.27/turn              (no ring)
MPRegen  0.09/turn              (no ring)

@: berserking, very quick
A: retaliatory headbutt, horns 2
a: Berserk, Trog's Hand, Burn Spellbooks, Renounce Religion


You were in the Dungeon.
You worshipped Trog.
Trog was pleased with you.
You were hungry.

You visited 1 branch You collected 297 gold pieces.

Inventory:

Hand Weapons
 a - a +0 hand axe (weapon)
Armour
 b - a +0 animal skin
 k - a +0 leather armour of positive energy
 l - a +0 ring mail (worn)
Wands
 j - a wand of flame (23)
Scrolls
 i - a scroll of blinking
Potions
 d - 2 potions of curing
 e - a potion of heal wounds
 f - a potion of haste
 g - 2 potions of magic
 h - a potion of berserk rage
Comestibles
 c - a ration


   Skills:
 + Level 12.4 Fighting
 + Level 12.4 Axes
 - Level 2.4 Armour
 - Level 2.1 Dodging


You had 5 spell levels left.
You didn't know any spells.

Dungeon Overview and Level Annotations

Branches:
Dungeon (1/1)

Altars:
Cheibriados
Dithmenos
Elyvilon
Fedhas
Gozag
Hepliaklqana
Kikubaaqudgha
Nemelex Xobeh
Okawaru
Qazlal
Ru
Sif Muna
Trog
Uskayaw
Vehumet
Wu Jian
Yredelemnul
Zin
The Shining One

Shops:
D =

Annotations:
D Sonja


Innate Abilities, Weirdness & Mutations

You reflexively headbutt those who attack you in melee.
You have a pair of horns on your head.


Message History

You hit Sonja.
Sonja is severely wounded.
Sonja hits you with an uncursed short sword of distortion.
* * * LOW HITPOINT WARNING * * *
You feel a strange sense of stasis.
Sonja hits you with an uncursed short sword of distortion.
* * * LOW HITPOINT WARNING * * *
Sonja hits you with an uncursed short sword of distortion.
* * * LOW HITPOINT WARNING * * *
Space bends around you.
* * * LOW HITPOINT WARNING * * *
You hit Sonja. Your headbutt misses Sonja.
Sonja is almost dead.
Unknown command.
Unknown command.
Unknown command.
You hit Sonja but do no damage. Your headbutt misses Sonja.
Sonja is almost dead.
Sonja hits you with an uncursed short sword of distortion!
You die...

#<.#..)..#..'..#
#..'..#..').#..+
#..#####'#####'#
#..## #..#...#.#
#..#__####..##[#
#..#_____##'#_.+
#⌠⌠#_.∩...'..._#
####_..__##_.#+#
#_____###@#
####### #K# $.$
#$.$# ##.## #+#


You could see Sonja.

Vanquished Creatures
  Sigmund (D)
  A yak (D)
  An ogre (D)
  A jelly (D)
  Ijyb (D)
5 creatures vanquished.

Notes
Turn   | Place    | Note
-------+----------+-------------------------------------------
     0 | D        | erloom the Minotaur Berserker began the quest for the Orb.
     0 | D        | Reached XP level 1. HP: 19/19 MP: 0/0
     3 | D        | Noticed Ijyb
    11 | D        | Killed Ijyb
    11 | D        | Reached XP level 2. HP: 7/30 MP: 1/1
   241 | D        | Noticed an ogre
   245 | D        | Killed an ogre
   245 | D        | Reached XP level 3. HP: 41/41 MP: 2/2
   245 | D        | Reached XP level 4. HP: 49/49 MP: 3/3
   345 | D        | Noticed Sigmund
   353 | D        | Killed Sigmund
   353 | D        | Reached ** piety under Trog
   353 | D        | Reached skill level 10 in Fighting
   353 | D        | Reached skill level 10 in Axes
   353 | D        | Reached XP level 5. HP: 59/59 MP: 4/4
   403 | D        | Found a deep blue altar of Sif Muna.
   404 | D        | Found an ornate altar of the Wu Jian Council.
   405 | D        | Found a radiant altar of Vehumet.
   408 | D        | Reached XP level 6. HP: 62/68 MP: 5/5
   440 | D        | Found Efuhur's Jewellery Emporium.
   440 | D        | Found an ancient bone altar of Kikubaaqudgha.
   440 | D        | Found a hazy altar of Hepliaklqana.
   440 | D        | Found a hide-covered altar of Uskayaw.
   440 | D        | Found a basalt altar of Yredelemnul.
   440 | D        | Found an opulent altar of Gozag.
   440 | D        | Found a snail-covered altar of Cheibriados.
   440 | D        | Found a sacrificial altar of Ru.
   440 | D        | Found a shadowy altar of Dithmenos.
   440 | D        | Noticed a yak
   448 | D        | Killed a yak
   449 | D        | Found a stormy altar of Qazlal.
   449 | D        | Found a blossoming altar of Fedhas.
   449 | D        | Found a bloodstained altar of Trog.
   449 | D        | Found an iron altar of Okawaru.
   449 | D        | Found a glowing golden altar of the Shining One.
   449 | D        | Found a glowing silver altar of Zin.
   449 | D        | Found a white marble altar of Elyvilon.
   454 | D        | Found a sparkling altar of Nemelex Xobeh.
   485 | D        | Noticed Sonja
   490 | D        | HP: 2/106 [Sonja/uncursed short sword of distortion (5)]
   492 | D        | Mangled by Sonja

Skill      XL: |  1  2  3  4  5  6 |
---------------+-------------------+-----
Fighting       | 6 8 10 11 12 | 12.4
Axes           | 6 8 10 11 12 | 12.4
Armour         | |  2.4
Dodging        | |  2.1

Action                   |  1- 3 |  4- 6 || total
-------------------------+-------+-------++-------
Melee: Hand axe          |    10 |    20 ||    30
       Headbutt          |     2 |     5 ||     7
Invok: Berserk           |     2 |     3 ||     5
  Eat: Chunk             |       |     3 ||     3
Armor: Animal skin       |     1 |       ||     1
Dodge: Dodged            |     5 |     9 ||    14
